 Dungeon Crawl Stone Soup version 0.30-a0-715-gdb4ae3e (webtiles) character file.

Game seed: 15271179004364218897

11290 malesh the Covert (level 12, -6/66 HPs)
             Began as a Kobold Enchanter on Jan 22, 2023.
             Was a Priest of Dithmenos.
             Mangled by Gastronok (29 damage)
             ... on level 9 of the Dungeon on Jan 23, 2023.
             The game lasted 00:51:18 (13236 turns).

malesh the Covert (Kobold Enchanter)               Turns: 13236, Time: 00:51:20

Health: -6/66      AC: 12    Str:  6    XL:     12   Next: 5%
Magic:  14/24      EV: 19    Int: 24    God:    Dithmenos [***...]
Gold:   718        SH:  0    Dex: 18    Spells: 12/28 levels left

rFire   . . .      SeeInvis .    a - +3 dagger (freeze)
rCold   . . .      Faith    .    (no shield)
rNeg    . . .      Spirit   .    b - +0 robe
rPois   .          Reflect  .    q - +1 helmet {Int+3}
rElec   .          Harm     .    y - +2 cloak
rCorr   .          Rampage  .    (no gloves)
Will    .....                    I - +0 pair of boots
Stlth   +++++++++                o - amulet "Liniqyig" {Regen+ Int+3}
HPRegen 1.11/turn                K - +4 ring of protection
MPRegen 0.19/turn                (no ring)

@: wreathed by umbra
A: small, no large weapons, nightstalker 3
a: Renounce Religion, Shadow Step


You were on level 9 of the Dungeon.
You worshipped Dithmenos.
Dithmenos was most pleased with you.
You visited 2 branches of the dungeon, and saw 12 of its levels.
You also visited: Sewer.

You collected 718 gold pieces.

Inventory:

Hand Weapons
 a - a +3 dagger of freezing (weapon)
 u - a +3 dagger
 D - a +2 dagger of venom
 G - the +4 sling of the Open Hand {flame, rF+ rCorr Str+2}
   (You found it on level 10 of the Dungeon)

   Str:       It affects your strength (+2).
   rF:        It protects you from fire.
   rCorr:     It protects you from acid and corrosion.
Missiles
 r - 53 poisoned darts
 w - a curare-tipped dart
Armour
 b - a +0 robe (worn)
 q - a +1 helmet of intelligence (worn)
 x - a scarf of resistance
 y - a +2 cloak (worn)
 I - a +0 pair of boots (worn)
Jewellery
 o - the amulet "Liniqyig" (around neck) {Regen+ Int+3}
   (You acquired it on level 8 of the Dungeon)

   [amulet of regeneration]

   Int:       It affects your intelligence (+3).
   Regen:     It increases your rate of health regeneration.
 E - an amulet of the acrobat
 K - a +4 ring of protection (left hand)
Wands
 e - a wand of roots (28)
 f - a wand of quicksilver (14)
 h - a wand of paralysis (24)
Scrolls
 l - 4 scrolls of teleportation
 s - a scroll of vulnerability {unknown}
 t - 2 scrolls of amnesia
 v - a scroll of fear
 z - a scroll of butterflies
 A - a scroll of brand weapon
 B - a scroll of poison
 J - 2 scrolls of identify
Potions
 c - 2 potions of might
 d - 5 potions of curing
 g - 2 potions of brilliance
 i - 2 potions of lignification
 j - a potion of haste {unknown}
 k - 6 potions of mutation
 m - 2 potions of heal wounds {unknown}
 n - 2 potions of flight {unknown}
 p - 2 potions of cancellation
 C - a potion of ambrosia {unknown}
 F - a potion of resistance {unknown}
 H - a potion of invisibility


   Skills:
 - Level 3.8 Fighting
 + Level 9.0 Short Blades
 - Level 7.0 Dodging
 - Level 12.0 Stealth
 + Level 8.6 Spellcasting
 - Level 2.0 Conjurations
 + Level 9.4 Hexes
 - Level 3.0 Summonings
 - Level 2.0 Ice Magic
 + Level 4.1 Invocations


You had 12 spell levels left.
You knew the following spells:

 Your Spells              Type           Power      Damage    Failure   Level
a - Ensorcelled Hibernat  Hex/Ice        74%        N/A       1%          2
b - Confusing Touch       Hex            54%        N/A       1%          3
c - Tukima's Dance        Hex            54%        N/A       1%          3
d - Dazzling Flash        Conj/Hex       74%        N/A       1%          3
e - Summon Mana Viper     Hex/Summ       40%        N/A       13%         5

Your spell library contained the following spells:

 Spells                   Type           Power      Damage    Failure   Level
 Freeze                   Ice            80%        1d9       2%          1
 Magic Dart               Conj           80%        1d7       2%          1
 Searing Ray              Conj           40%        2d5       4%          2
 Necrotise                Necr           40%        1d6       6%          1
 Fulminant Prism          Conj/Hex       18%        3d10      6%          4
 Frozen Ramparts          Ice            40%        1d7       8%          3
 Hailstorm                Conj/Ice       20%        3d6       8%          3
 Ozocubu's Armour         Ice            20%        N/A       8%          3
 Anguish                  Hex/Necr       16%        N/A       9%          4
 Vampiric Draining        Necr           10%        2d6       19%         3
 Summon Ice Beast         Ice/Summ       22%        N/A       22%         4
 Silence                  Hex/Air        16%        N/A       24%         5
 Enfeeble                 Hex            27%        N/A       71%         7
 Agony                    Necr           10%        N/A       86%         5
 Monstrous Menagerie      Summ           12%        N/A       100%        7
 Ozocubu's Refrigeration  Ice            10%        4d9       100%        7


Dungeon Overview and Level Annotations

Branches:
Dungeon (11/15)            Temple (1/1) D:4            Lair (0/5) D:10
  Sewer (visited)
    Orc: D:9-12

Altars:
Ashenzari
Cheibriados
Dithmenos
Elyvilon
Fedhas
Gozag
Hepliaklqana
Kikubaaqudgha
Makhleb
Nemelex Xobeh
Okawaru
Qazlal
Ru
Sif Muna
Trog
Uskayaw
Vehumet
Wu Jian
Xom
Yredelemnul
Zin
The Shining One

Shops:
D:1 [

Annotations:
D:7 3 runed translucent doors, experimato's ghost, novice DgEE
D:9 Gastronok


Innate Abilities, Weirdness & Mutations

You are small and have problems with some larger weapons.
You are completely attuned to the shadows.


Message History

Casting: Dazzling Flash (safe; 1% risk of failure)
Press: ? - help, Dir - look around, f - activate
Casting: Dazzling Flash (safe; 1% risk of failure)
Confirm with . or Enter, or press ? or * to list all spells.
Okay, then.
Unknown command.
Casting: Dazzling Flash (safe; 1% risk of failure)
Confirm with . or Enter, or press ? or * to list all spells.
The spell is quite dangerous to miscast (13% risk of failure)!
Continue anyway?
A mana viper appears with a sibilant hiss.
Gastronok casts a spell.
Gastronok puts on a burst of speed!
Casting: Summon Mana Viper (quite dangerous; 13% risk of failure)
Confirm with . or Enter, or press ? or * to list all spells.
Okay, then.
Unknown command.
Casting: Summon Mana Viper (quite dangerous; 13% risk of failure)
Confirm with . or Enter, or press ? or * to list all spells.
Aiming: Ensorcelled Hibernation (safe; 1% risk of failure)
Press: ? - help, Shift-Dir - straight line, f - Gastronok
Aim: Gastronok, wearing a +2 hat (covering ground quickly, ally target, umbra, chance to affect: 16%)
Okay, then.
Unknown command.
Unknown command.
Unknown command.
Casting: Ensorcelled Hibernation (safe; 1% risk of failure)
Confirm with . or Enter, or press ? or * to list all spells.
Your hands begin to glow red.
You hit Gastronok but do no damage. Gastronok bites you!!
You hit Gastronok but do no damage. You hit Gastronok but do no damage.
Your mana viper bites Gastronok!!
Gastronok's magic leaks into the air.
You hit Gastronok but do no damage.
Gastronok appears confused.
Gastronok is lightly wounded.
Your mana viper bites Gastronok!
Gastronok's magic leaks into the air.
You hit Gastronok but do no damage.
Gastronok is lightly wounded.
Your mana viper bites Gastronok.
Gastronok's magic leaks into the air.
Gastronok bites you!!
You die...

........................#.....#..
###'##########.......#.....#.....
#..).........#.......#.###.#.###.
#............#.......#.....#.....
#............#...................
#............#...................
#............#...................
#........... #...................
#........... #..@................
#........... #.wS................
#..>........ #...................
#........... #..#'#########......
##'###########..#.........#......
................#.........#......
................##........'......
.................#........#......
.########........#........#......


You could see Gastronok (swift, confused, ally target, magic disrupted) and a
friendly mana viper (summoned).

Vanquished Creatures
  A catoblepas (D:9)
  A death yak (D:10)
  3 two-headed ogres
  A cyclops (D:9)
  Maurice (D:8)
  2 trolls
  A hornet (D:8)
  A shadow (D:10)
  2 wyverns
  5 yaks
  Grum (D:8)
  A steam dragon (D:9)
  4 vampire mosquitoes (D:10)
  6 orc warriors
  2 water moccasins
  Duvessa (D:4)
  2 ice beasts (D:6)
  2 sky beasts
  2 ogres
  A black bear (D:5)
  5 centaurs
  3 wolves (D:8)
  6 bullfrogs
  8 kobold brigands
  A necrophage (D:5)
  2 gnoll sergeants (D:9)
  3 scorpions
  11 wights
  Dowan (D:4)
  4 howler monkeys
  An electric eel (D:10)
  4 orc priests
  2 gnoll boudas
  A jelly (D:6)
  Natasha (thrice) (D:3)
  2 iguanas
  5 orc wizards
  17 gnolls
  6 adders
  3 river rats (Sewer)
  A shadow imp (D:6)
  2 ufetubi (D:4)
  3 worms
  2 dart slugs
  12 orcs
  8 ball pythons
  16 endoplasms
  A giant cockroach (D:1)
  12 goblins
  7 hobgoblins
  4 jackals (D:1)
  8 quokkas
  4 bats
  4 frilled lizards
  14 kobolds
  6 rats
232 creatures vanquished.

Vanquished Creatures (collateral kills)
  A nameless horror (D:9)
1 creature vanquished.

Vanquished Creatures (others)
  2 dancing weapons (D:9)
2 creatures vanquished.

Grand Total: 235 creatures vanquished

Notes
Turn   | Place    | Note
-------+----------+-------------------------------------------
     0 | D:1      | malesh the Kobold Enchanter began the quest for the Orb.
     0 | D:1      | Reached XP level 1. HP: 10/10 MP: 3/3
    64 | D:1      | Reached XP level 2. HP: 15/15 MP: 5/5
   125 | D:1      | Learned a level 2 spell: Ensorcelled Hibernation
   180 | D:1      | Found Xuteul's Armour Boutique.
   274 | D:1      | Reached XP level 3. HP: 2/19 MP: 1/6
   956 | D:2      | Learned a level 3 spell: Confusing Touch
  1066 | D:2      | Reached XP level 4. HP: 23/24 MP: 2/7
  1133 | D:2      | Found a faded altar of an unknown god.
  1337 | D:2      | Found a hazy altar of Hepliaklqana.
  2228 | D:3      | Noticed Natasha
  2231 | D:3      | Killed Natasha
  2232 | D:3      | Reached XP level 5. HP: 28/28 MP: 9/9
  2360 | D:3      | Learned a level 3 spell: Tukima's Dance
  2678 | D:3      | Noticed Natasha
  2794 | D:3      | Killed Natasha
  2795 | D:3      | Reached skill level 5 in Stealth
  2893 | D:3      | Found a basalt altar of Yredelemnul.
  2913 | D:3      | Noticed Natasha
  2919 | D:3      | Killed Natasha
  3251 | D:4      | Noticed Dowan
  3253 | D:4      | Killed Dowan
  3254 | D:4      | Reached XP level 6. HP: 32/32 MP: 10/10
  3254 | D:4      | Noticed Duvessa
  3315 | D:4      | Found a broken altar of Ashenzari.
  3350 | D:4      | You fall into a shaft and drop 1 floor!
  3350 | D:5      | Entered Level 5 of the Dungeon
  3457 | D:5      | Noticed a black bear
  3508 | D:4      | Found a staircase to the Ecumenical Temple.
  3510 | D:4      | Noticed a sky beast
  3514 | D:4      | Killed a sky beast
  3515 | D:4      | Reached XP level 7. HP: 36/36 MP: 12/12
  3539 | Temple   | Entered the Ecumenical Temple
  3580 | Temple   | Found a transporter.
  3580 | Temple   | Found a transporter.
  3582 | Temple   | Found a transporter.
  3582 | Temple   | Found a transporter.
  3653 | Temple   | Became a worshipper of Dithmenos the Shadowed
  3751 | D:4      | Killed Duvessa
  3752 | D:4      | Reached skill level 6 in Stealth
  4375 | D:5      | Found a bloodstained altar of Trog.
  4552 | D:4      | Reached XP level 8. HP: 37/41 MP: 11/14
  4876 | D:4      | Reached skill level 5 in Short Blades
  4876 | D:4      | Reached skill level 5 in Dodging
  4890 | D:4      | Reached * piety under Dithmenos
  4927 | D:4      | HP: 2/41 [something/magic dart (6)]
  4951 | D:4      | Reached skill level 5 in Hexes
  5270 | D:4      | Learned a level 3 spell: Dazzling Flash
  5459 | D:4      | Reached skill level 7 in Stealth
  5532 | D:5      | Found a blossoming altar of Fedhas.
  5633 | D:5      | Found a shimmering blue altar of Sif Muna.
  5638 | D:5      | Found a glowing golden altar of the Shining One.
  5642 | D:5      | Found an iron altar of Okawaru.
  5759 | D:6      | Found a glowing drain.
  5763 | Sewer    | Entered a sewer
  5998 | Sewer    | HP: 2/41 [kobold brigand/+0 short sword (9)]
  6265 | Sewer    | Reached skill level 1 in Ice Magic
  6642 | Sewer    | Reached skill level 1 in Fighting
  6642 | Sewer    | Reached skill level 8 in Stealth
  6642 | Sewer    | Reached skill level 5 in Spellcasting
  6642 | Sewer    | Reached XP level 9. HP: 47/47 MP: 16/16
  6837 | Sewer    | Reached ** piety under Dithmenos
  7180 | D:6      | Reached skill level 9 in Stealth
  7903 | D:6      | Reached skill level 10 in Stealth
  8420 | D:7      | Found a runed translucent gate.
  8420 | D:7      | Found a runed translucent gate.
  8420 | D:7      | Found a runed translucent gate.
  8425 | D:7      | Noticed a troll
  9069 | D:7      | Reached skill level 11 in Stealth
  9152 | D:7      | Reached XP level 10. HP: 53/53 MP: 19/19
  9532 | D:7      | Noticed experimato's ghost (novice DgEE)
  9751 | D:8      | Noticed Maurice
  9755 | D:8      | Killed Maurice
  9799 | D:8      | Noticed Grum
  9804 | D:8      | Killed Grum
  9827 | D:8      | Identified a scroll of acquirement
  9828 | D:8      | Acquired the amulet "Liniqyig" {Regen+ Int+3}
 10179 | D:8      | Found a hazy altar of Hepliaklqana.
 10251 | D:8      | Noticed a two-headed ogre
 10255 | D:8      | Killed a two-headed ogre
 10609 | D:9      | Noticed a catoblepas
 10613 | D:9      | Killed a catoblepas
 10614 | D:9      | Reached XP level 11. HP: 60/60 MP: 22/22
 10616 | D:9      | Reached skill level 12 in Stealth
 10631 | D:9      | Noticed a skeletal warrior
 10675 | D:8      | Learned a level 5 spell: Summon Mana Viper
 10703 | D:9      | Reached *** piety under Dithmenos
 10839 | D:8      | Reached skill level 1 in Summonings
 10895 | D:9      | Reached skill level 1 in Invocations
 11327 | D:9      | Noticed a two-headed ogre
 11333 | D:9      | Noticed Gastronok
 11334 | D:9      | Killed a two-headed ogre
 11480 | D:9      | Upgraded the game from 0.30-a0-711-gf4ac18a to
                  | 0.30-a0-715-gdb4ae3e
 11835 | D:9      | Noticed a cyclops
 11839 | D:9      | Killed a cyclops
 11846 | D:9      | Found a shimmering altar of Xom.
 11954 | D:10     | Entered Level 10 of the Dungeon
 12155 | D:10     | Identified the +4 sling of the Open Hand {flame, rF+ rCorr
                  | Str+2}
 12244 | D:10     | Noticed a death yak
 12245 | D:10     | Noticed a death yak
 12245 | D:10     | Noticed a death yak
 12245 | D:10     | Noticed a death yak
 12361 | D:10     | Reached skill level 1 in Conjurations
 12635 | D:10     | Noticed a two-headed ogre
 12639 | D:10     | Killed a two-headed ogre
 12809 | D:10     | Found a staircase to the Lair.
 13021 | D:10     | Acquired a +4 ring of protection
 13148 | D:10     | Killed a death yak
 13149 | D:10     | Reached XP level 12. HP: 66/66 MP: 16/24
 13236 | D:9      | Mangled by Gastronok

Illustrated notes

Levels and vault maps discovered:
D:1:      minmay_arrival_four_circles, layout_loops_ring, serial_shops,
          nicolae_shop_hallway_stairs, serial_bayou_pond_a,
          palyth_stone_intersect
D:2:      layout_basic, basic_altar, shapermc_ecumenical_altar_hornbeckon
D:3:      layout_loops_corners, mainiacjoe_overflow_alcove_2,
          lightli_corner_chamber, uniq_natasha
D:4:      minmay_chambers_of_twos, layout_basic, nicolae_ashenzari_skybound,
          minmay_temple_entry_sparse_star, uniq_duvessa
D:5:      layout_cave_pools, minitemple, fedhas_altar_4,
          mainiacjoe_overflow_tiny_flanked
D:6:      nicolae_cairo_tiling, layout_cave_pods, serial_column_ruins,
          column_ruins_hut, column_ruins_hut, column_ruins_columns_corner,
          column_ruins_open_medium, column_ruins_open_tiny, gup_sewer_entry_bowl
D:7:      layout_basic, gammafunk_ghost_split
D:8:      layout_cave_pools, worldfamousw_hep_ancestral_shrine, minivault_5,
          kennysheep_diamond, uniq_maurice, uniq_grum
D:9:      hangedman_cross_stitches, layout_irregular_city, marbit_many_paths,
          minmay_misc_feat_more_columns, uniq_gastronok
D:10:     layout_basic, dpeg_lair_monsters
D:11:     layout_rooms, orc_0_dummy, serial_shops, nicolae_shop_window_shopping
Temple:   hellmonk_temple_divided_pantheon

Skill      XL: |  1  2  3  4  5  6  7  8  9 10 11 |
---------------+----------------------------------+-----
Short Blades   | 2 3 4 5 6 7 9 |  9.0
Dodging        | 3 4 5 6 7 |  7.0
Spellcasting   | 3 4 5 6 7 8 |  8.6
Stealth        | 5 6 8 11 12 | 12.0
Hexes          | 4 5 6 7 9 |  9.4
Ice Magic      | 1 2 |  2.0
Fighting       | 1 3 |  3.8
Summonings     | 3 |  3.0
Invocations    | 4 |  4.1
Conjurations   | 2 |  2.0

Action                     |  1- 3 |  4- 6 |  7- 9 | 10-12 || total
---------------------------+-------+-------+-------+-------++-------
  Melee: Dagger            |    54 |    53 |   256 |   164 ||   527
         Punch             |       |       |     1 |       ||     1
   Cast: Ensorcelled Hiber |    12 |    10 |    84 |    43 ||   149
         Confusing Touch   |       |     1 |     7 |    17 ||    25
         Tukima's Dance    |       |     1 |       |     3 ||     4
         Summon Mana Viper |       |       |       |     4 ||     4
         Dazzling Flash    |       |       |       |     1 ||     1
    Use: Potion            |     1 |     1 |     5 |       ||     7
         Scroll            |       |     8 |     8 |    12 ||    28
   Stab: Sleeping          |    19 |    26 |    74 |    65 ||   184
         Invisible         |     2 |       |     3 |       ||     5
         Confused          |       |     1 |     5 |    12 ||    18
         Distracted        |       |       |     2 |     1 ||     3
 Armour: Robe              |     4 |       |    11 |     7 ||    22
  Dodge: Dodged            |    48 |    17 |   146 |   113 ||   324

Table legend: (Time is in decaauts)
 A = Elapsed time spent in this place.
 B = Non-inter-level travel time spent in this place.
 C = Inter-level travel time spent in this place.
 D = Time resting spent in this place.
 E = Time spent auto-exploring this place.
 F = Levels seen in this place.
 G = Mean time per level.
                   A        B        C        D        E       F      G
               +--------+--------+--------+--------+--------+-----+--------+
         Total |  13407 |  12653 |    754 |   1356 |   8944 |  13 | 1031.3 |
       Dungeon |  11614 |  10905 |    709 |   1117 |   7802 |  11 | 1055.8 |
        Temple |    130 |     85 |     45 |      0 |     71 |   1 |  130.0 |
         Sewer |   1662 |   1662 |      0 |    239 |   1071 |   1 | 1662.0 |
               +--------+--------+--------+--------+--------+-----+--------+

Top non-repeatable levels by time:
   Sewer: 1662 daAuts
     D:3: 1465 daAuts
     D:7: 1277 daAuts
     D:9: 1268 daAuts
     D:6: 1241 daAuts
     D:4: 1192 daAuts
     D:8: 1133 daAuts
    D:10: 1107 daAuts
     D:5: 1018 daAuts
     D:1: 935 daAuts
     D:2: 905 daAuts
  Temple: 130 daAuts
    D:11: 70 daAuts
